 Dungeon Sprint DCSS version 0.29.1-15-g9cfb28693d (webtiles) character file.

Game seed: 7600531594255498082

0 Groucho the Caller (level 1, -1/10 HPs)
             Began as a Deep Elf Summoner on Apr 7, 2023.
             Was an Initiate of Sif Muna.
             Slain by a quasit (3 damage)
             ... in the Dungeon (Sprint V: "Ziggurat Sprint").
             The game lasted 00:01:22 (96 turns).

Groucho the Caller (Deep Elf Summoner)                Turns: 96, Time: 00:01:23

Health: -1/10      AC:  2    Str: 17    XL:     1   Next: 0%
Magic:  5/6        EV: 12    Int: 19    God:    Sif Muna [......]
Gold:   0          SH:  0    Dex: 15    Spells: 5/6 levels left

rFire   . . .      SeeInvis .   A - +8 storm bow {elec, penet}
rCold   . . .      Faith    .   (shield currently unavailable)
rNeg    . . .      Spirit   .   a - +0 robe
rPois   .          Reflect  .   (no helmet)
rElec   .          Harm     .   (no cloak)
rCorr   .          Rampage  .   (no gloves)
Will    .....      NoTele   +   (no boots)
Stlth   ++........              (no amulet)
HPRegen 0.03/turn               v - +6 ring of strength
MPRegen 0.10/turn               w - +6 ring of strength

@: no status effects
A: no striking features
a: Renounce Religion


You were in the Dungeon.
You worshipped Sif Muna.
Sif Muna was noncommittal.
You visited 1 branch

Inventory:

Hand Weapons
 z - the +6 Majin-Bo {vamp, MP+6 Int+6}
   (You found it in the Dungeon)

   It heals its wielder for a portion of the damage dealt when they wound a
   living foe with it or with a spell.
   Its wielder's spells cost health as well as magical power.
   Int:       It affects your intelligence (+6).
   MP:        It affects your magic capacity (+6).
 A - the +8 storm bow (weapon) {elec, penet}
   (You found it in the Dungeon)

   Any ammunition fired from it occasionally discharges a powerful burst of
   electricity upon striking a foe.
   Any ammunition fired by it passes through the targets it hits, potentially
   hitting all targets in its path until it reaches maximum range.
Armour
 a - a +0 robe (worn)
Jewellery
 q - a ring of flight
 r - a +6 ring of dexterity
 s - a +6 ring of dexterity
 t - a +6 ring of intelligence
 u - a +6 ring of intelligence
 v - a +6 ring of strength (left hand)
 w - a +6 ring of strength (right hand)
Wands
 x - a wand of mindburst (7)
 y - a wand of acid (7)
Scrolls
 g - 4 scrolls of blinking
 m - 4 scrolls of amnesia
 n - 7 scrolls of butterflies
 o - 5 scrolls of identify
 p - 2 scrolls of fear
Potions
 b - 8 potions of magic
 c - 10 potions of curing
 d - 10 potions of heal wounds
 e - 6 potions of haste
 f - 3 potions of berserk rage
 h - 2 potions of brilliance
 i - 2 potions of invisibility
 j - 4 potions of resistance
 k - a potion of experience
 l - 5 potions of might


   Skills:
 + Level 2.4 Dodging
 + Level 2.4 Stealth
 + Level 3.0 Spellcasting
 + Level 4.3 Summonings


You had 5 spell levels left.
You knew the following spells:

 Your Spells              Type           Power      Damage    Failure   Level
a - Summon Small Mammal   Summ           76%        N/A       2%          1

Your spell library contained the following spells:

 Spells                   Type           Power      Damage    Failure   Level
 Call Imp                 Summ           19%        N/A       3%          2
 Call Canine Familiar     Summ           19%        N/A       8%          3
 Summon Guardian Golem    Hex/Summ       11%        N/A       19%         3
 Summon Lightning Spire   Summ/Air       11%        N/A       52%         4


Dungeon Overview and Level Annotations

Branches:
Dungeon (1/1)

Altars:
Ashenzari
Cheibriados
Dithmenos
Elyvilon
Fedhas
Gozag
Hepliaklqana
Kikubaaqudgha
Makhleb
Nemelex Xobeh
Okawaru
Qazlal
Ru
Sif Muna
Trog
Uskayaw
Vehumet
Wu Jian
Xom
Yredelemnul
Zin
The Shining One
Jiyva
Lugonu

Annotations:
D 1 transporter


Message History

The quasit closely misses you.
Casting: Summon Small Mammal (safe; 2% risk of failure)
Confirm with . or Enter, or press ? or * to list all spells.
The quasit barely misses you. x2
The quasit claws you but does no damage.
The white imp hits you. The white imp freezes you.
Unknown command.
You swap places.
The quasit bites you.
The quasit claws you but does no damage.
The quasit closely misses you. The white imp hits your quokka.
The white imp freezes your quokka.
Your quokka dies!
Your quokka's corpse disappears in a puff of smoke!
Unknown command.
Unknown command.
Fire: A) +8 storm bow {elec, penet}
Press: ? - help, Q - select action, (/) - cycle Shift-Dir - straight line, f - white imp, p - quasit
Aim: a white imp (65% to hit)
You shoot an arrow. The arrow closely misses the quasit.
The arrow pierces through the white imp!
The white imp is heavily wounded.
The quasit barely misses you. The quasit claws you.
* * * LOW HITPOINT WARNING * * *
The quasit barely misses you. x2
The quasit claws you but does no damage.
The quasit claws you.
* * * LOW HITPOINT WARNING * * *
The quasit barely misses you.
The quasit claws you but does no damage.
The quasit closely misses you. The white imp attacks as you move away!
The white imp closely misses you.
Fire: A) +8 storm bow {elec, penet}
Press: ? - help, Q - select action, (/) - cycle Shift-Dir - straight line, f/p - white imp
Aim: a white imp (heavily wounded, 65% to hit)
You shoot an arrow.
The arrow pierces through the white imp!
You kill the white imp!
Sif Muna accepts your kill. The quasit bites you.
You die...

▓▓▓▓▓▓▓
▓.8©8.▓
▓.....▓
▓.:.}.▓
▓.....▓
▓...5.▓
▓..©.@▓
▓▓▓▓▓▓▓


You could see a quasit.

Vanquished Creatures
  A white imp (D)
1 creature vanquished.

Notes
Turn   | Place    | Note
-------+----------+-------------------------------------------
     0 | D        | Groucho the Deep Elf Summoner began the quest for the Orb.
     0 | D        | Reached XP level 1. HP: 10/10 MP: 6/6
     0 | D        | Found a shimmering blue altar of Sif Muna.
     0 | D        | Found a bloodstained altar of Trog.
     0 | D        | Found a sacrificial altar of Ru.
     0 | D        | Found a stormy altar of Qazlal.
     0 | D        | Found an iron altar of Okawaru.
     1 | D        | Found a sparkling altar of Nemelex Xobeh.
     1 | D        | Found a blossoming altar of Fedhas.
     1 | D        | Found the +6 Majin-Bo {vamp, MP+6 Int+6}
     1 | D        | Found the +9 heavy crossbow "Sniper" {vorpal, Acc+∞ SInv}
     1 | D        | Found the +10 dark maul {vorpal}
     1 | D        | Found the +15 Maxwell's patent armour {-Cast -Tele rElec
                  | Will+ rCorr}
     1 | D        | Found the +18 shield of the Gong {rElec rN+ Will+ EV-5}
     1 | D        | Found the +14 obsidian axe {vorpal, Mesm Drain Fly SInv}
     1 | D        | Found the +7 great mace "Firestarter" {inner flame, rF++}
     1 | D        | Found the +6 shillelagh "Devastator" {shatter}
     1 | D        | Found the +11 plutonium sword {Contam Stlth-}
     1 | D        | Found the +8 lance "Wyrmbane" {slay drac, rPois rF+ rC+
                  | AC+3}
     1 | D        | Found the +9 sword of Zonguldrok {reap}
     1 | D        | Found the +13 scythe of Curses {drain, Drain}
     1 | D        | Found the +5 sword of Power {vorpal}
     1 | D        | Found the +7 mace of Variability {chain chaos}
     1 | D        | Found the +7 Singing Sword {vorpal, sonic wave}
     1 | D        | Found the +8 storm bow {elec, penet}
     3 | D        | Found a transporter.
     3 | D        | Found an ancient bone altar of Kikubaaqudgha.
     3 | D        | Found a viscous altar of Jiyva.
     3 | D        | Found a corrupted altar of Lugonu.
     3 | D        | Found a hazy altar of Hepliaklqana.
     3 | D        | Found a burning altar of Makhleb.
     3 | D        | Found an opulent altar of Gozag.
    54 | D        | Became a worshipper of Sif Muna the Loreminder
    90 | D        | Entered arena 2.
    90 | D        | Noticed a quasit
    90 | D        | Found a transporter.
    96 | D        | Slain by a quasit

Illustrated notes

Levels and vault maps discovered:
D:        sprint_v [room_start, room_1, room_2, room_3, room_4, room_5, room_6,
          room_7, room_8, room_9, room_10, room_11, room_12, room_13, room_14,
          room_15, room_16, room_17, room_18, room_19, room_20, room_21,
          room_22, room_23, room_24, room_25, room_26, room_27]

Action                   || total
-------------------------++-------
 Fire: Longbow           ||     3
 Cast: Summon Small Mamm ||     1
Armor: Robe              ||     5
Dodge: Dodged            ||    13
